 Dungeon Crawl Stone Soup version 0.28.0-49-g6dfe1f597d (webtiles) character file.

Game seed: 3896987814091033587

103376 Gabide the Impaler (level 16, -2/124 HPs)
             Began as a Human Monk on May 13, 2022.
             Was a High Priest of Sif Muna.
             Killed from afar by a swamp worm (18 damage)
             ... with a harpoon shot
             ... on level 4 of the Lair of Beasts.
             The game lasted 02:10:45 (31990 turns).

Gabide the Impaler (Human Monk)                    Turns: 31990, Time: 02:10:45

Health: -2/124     AC: 22    Str: 19    XL:     16   Next: 89%
Magic:  17/26      EV: 17    Int: 14    God:    Sif Muna [*****.]
Gold:   1624       SH:  0    Dex: 18    Spells: 28/28 levels left

rFire   + + +      SeeInvis .   Q - staff of air
rCold   + . .      Faith    +   (no shield)
rNeg    . . .      Spirit   .   u - +4 scale mail {rC+}
rPois   +          Reflect  .   t - +2 hat of Tuesagyo {rPois Int+3}
rElec   +          Harm     .   H - +1 cloak
rCorr   +          Rampage  .   j - +0 pair of gloves
Will    ++...                   w - +2 pair of boots
Stlth   ++........              c - amulet of faith
HPRegen 0.30/turn               J - ring of protection from cold
MPRegen 0.20/turn               K - ring of Doors {rPois rF+++ rC- Will+ rCorr}

@: hasted, studying Dodging, unable to read, very quick
A: hooves 1, thin skeletal structure 1, deterioration 1, inability to read while
threatened
a: Renounce Religion, Channel Magic, Forget Spell, Divine Exegesis


You were on level 4 of the Lair of Beasts.
You worshipped Sif Muna.
Sif Muna was extremely pleased with you.
You visited 4 branches of the dungeon, and saw 19 of its levels.
You also visited: Ossuary and Volcano.

You collected 1862 gold pieces.
You spent 238 gold pieces at shops.

Inventory:

Hand Weapons
 h - a +5 double sword
 k - a +5 halberd of protection
 v - the +8 spear "Gopurgh" {holy, rCorr Str+4 Stlth+}
   (You found it on level 4 of the Dungeon)

   It has been blessed by the Shining One to cause great damage to the undead
   and demons.
   Str:       It affects your strength (+4).
   rCorr:     It protects you from acid and corrosion.
   Stlth:     It makes you more stealthy.
Missiles
 a - 11 boomerangs
 f - 7 javelins
 E - 35 poisoned darts
 G - a curare-tipped dart (quivered)
Armour
 g - a scarf of resistance
 j - a +0 pair of gloves (worn)
 t - the +2 hat of Tuesagyo (worn) {rPois Int+3}
   (You acquired it on level 7 of the Dungeon)

   Int:       It affects your intelligence (+3).
   rPois:     It protects you from poison.
 u - a +4 scale mail of cold resistance (worn)
 w - a +2 pair of boots (worn)
 y - the +3 ring mail "Ruyf" {Rampage rF+}
   (You found it on level 9 of the Dungeon)

   rF:        It protects you from fire.
   Rampage:   It bestows one free step when moving towards enemies.
 H - a +1 cloak (worn)
 L - a scarf of shadows
 N - a +1 chain mail of willpower
Magical Staves
 m - a staff of conjuration
 P - a staff of cold
 Q - a staff of air (weapon)
Jewellery
 c - an amulet of faith (around neck)
 q - a ring of positive energy
 B - a ring of ice
 D - an amulet of guardian spirit
 J - a ring of protection from cold (left hand)
 K - the ring of Doors (right hand) {rPois rF+++ rC- Will+ rCorr}
   (You found it on level 9 of the Dungeon)

   [ring of willpower]

   rF:        It renders you almost immune to fire.
   rC:        It makes you vulnerable to cold.
   rPois:     It protects you from poison.
   rCorr:     It protects you from acid and corrosion.
   Will:      It increases your willpower.
 M - the ring of Shadows {Umbra +Inv Stlth+}
   (You found it on level 9 of the Dungeon)

   [ring of stealth]

   It surrounds you with an aura of shadow, increasing your stealth and reducing
   the accuracy of all others within it.
   +Inv:      It lets you turn invisible.
   Stlth:     It makes you more stealthy.
Wands
 o - a wand of flame (9)
 x - a wand of polymorph (3)
Scrolls
 e - 7 scrolls of teleportation
 z - 3 scrolls of fog
 R - a scroll of blinking
Potions
 b - 2 potions of flight
 d - 5 potions of curing
 i - 4 potions of attraction
 n - 3 potions of brilliance
 r - a potion of haste
 s - 3 potions of magic
 A - 2 potions of resistance
 C - a potion of lignification
 F - a potion of might {unknown}
 I - 2 potions of degeneration {unknown}
 S - 2 potions of heal wounds
Miscellaneous
 l - a phantom mirror
 p - a box of beasts
 O - a lightning rod (4/4)


   Skills:
 + Level 10.9 Fighting
 + Level 16.7 Polearms
 + Level 10.9 Armour
 + Level 12.8 Dodging
 - Level 2.0 Stealth
 + Level 6.9 Spellcasting
 * Level 12.1 Invocations


You had 28 spell levels left.
You didn't know any spells.
Your spell library contained the following spells:

 Spells                   Type           Power      Damage    Failure   Level
 Animate Skeleton         Necr           8%         N/A       34%         1
 Apportation              Tloc           8%         N/A       34%         1
 Magic Dart               Conj           16%        1d3       34%         1
 Sandblast                Erth           8%         2d5       34%         1
 Shock                    Conj/Air       28%        1d4       34%         1
 Corpse Rot               Necr/Air       14%        N/A       47%         2
 Ensorcelled Hibernation  Hex/Ice        8%         N/A       47%         2
 Poisonous Vapours        Pois/Air       14%        N/A       47%         2
 Scorch                   Fire           8%         2d5       47%         2
 Searing Ray              Conj           8%         2d4       47%         2
 Static Discharge         Conj/Air       7%         N/A       47%         2
 Sublimation of Blood     Necr           4%         N/A       47%         2
 Dazzling Flash           Conj/Hex       8%         N/A       71%         3
 Frozen Ramparts          Ice            8%         1d2       71%         3
 Lesser Beckoning         Tloc           4%         N/A       71%         3
 Ozocubu's Armour         Ice            4%         N/A       71%         3
 Portal Projectile        Hex/Tloc       8%         N/A       71%         3
 Spider Form              Tmut/Pois      4%         N/A       71%         3
 Stone Arrow              Conj/Erth      8%         3d7       71%         3
 Vampiric Draining        Necr           4%         2d6       71%         3
 Anguish                  Hex/Necr       2%         N/A       98%         4
 Animate Dead             Necr           2%         N/A       98%         4
 Dispel Undead            Necr           4%         3d7       98%         4
 Flame Wave               Conj/Fire      4%         2d5       98%         4
 Fulminant Prism          Conj/Hex       2%         3d6       98%         4
 Ice Form                 Ice/Tmut       4%         N/A       98%         4
 Iskenderun's Mystic Bla  Conj/Tloc      4%         2d3       98%         4
 Leda's Liquefaction      Hex/Erth       2%         N/A       98%         4
 Agony                    Necr           4%         N/A       100%        5
 Alistair's Intoxication  Tmut/Pois      2%         N/A       100%        5
 Borgnjor's Vile Clutch   Necr/Erth      2%         N/A       100%        5
 Fireball                 Conj/Fire      2%         3d4       100%        5
 Lee's Rapid Deconstruct  Erth           2%         3d5*      100%        5
 Lightning Bolt           Conj/Air       3%         1d15      100%        5
 Death Channel            Necr           2%         N/A       100%        6
 Eringya's Noxious Bog    Tmut/Pois      2%         N/A       100%        6
 Iron Shot                Conj/Erth      2%         9d2       100%        6
 Simulacrum               Ice/Necr       2%         N/A       100%        6
 Summon Cactus Giant      Summ           2%         N/A       100%        6
 Ozocubu's Refrigeration  Ice            2%         4d5       100%        7
 Infestation              Necr           2%         N/A       100%        8
 Maxwell's Capacitive Co  Air            3%         ∞         100%        8
 Chain Lightning          Conj/Air       3%         3d4       100%        9


Dungeon Overview and Level Annotations

Branches:
Dungeon (12/15)            Temple (1/1) D:4            Lair (4/6) D:9
 Spider (0/4) Lair:3          Orc (2/2) D:12            Elf (0/3) Orc:2
Ossuary (visited)         Volcano (visited)
  Swamp: Lair:2-4    Shoals: Lair:2-4

Altars:
Ashenzari
Cheibriados
Dithmenos
Elyvilon
Fedhas
Gozag
Hepliaklqana
Kikubaaqudgha
Makhleb
Nemelex Xobeh
Okawaru
Qazlal
Ru
Sif Muna
Trog
Uskayaw
Vehumet
Wu Jian
Xom
Yredelemnul
Zin
The Shining One

Shops:
D:7 *   Orc:2 =(**

Portals:
Pandemonium: Orc:2

Annotations:
D:6 1 runed translucent door, Name63's ghost, novice FeTm
D:11 3 runed translucent doors, Tali's ghost, novice DsBe


Innate Abilities, Weirdness & Mutations

You have large cloven feet.
You have a somewhat thin skeletal structure. (Dex +2, Stealth+)
Your body sometimes deteriorates upon taking damage.
You sometimes lose the ability to read scrolls when taking damage.


Message History

Okay, then.
Unknown command.
Unknown command.
Unknown command.
Your +5 halberd of protection goes still.
Q - a staff of air (weapon)
The blink frog hits the plant!
The blink frog blinks!
The cane toad stings you but does no damage.
The blink frog barely misses you. Lightning arcs from your hands!
The bolt of lightning hits the cane toad!!!!
You kill the cane toad!
Sif Muna accepts your kill.
The bolt of lightning hits the seven-headed hydra!!
The seven-headed hydra is moderately wounded.
The bolt of lightning hits you. You resist.
* * * LOW HITPOINT WARNING * * *
The bolt of lightning hits the blink frog!!!
You kill the blink frog!
Sif Muna accepts your kill.
The bolt of lightning hits the six-headed hydra!!!
The six-headed hydra is heavily wounded.
The bolt of lightning hits the blink frog!!!
You kill the blink frog!
Sif Muna accepts your kill.
The bolt of lightning hits the swamp worm!!
The swamp worm is almost dead.
The bolt of lightning hits the blink frog!!
You kill the blink frog!
Sif Muna accepts your kill.
The seven-headed hydra bites you but does no damage. x2
The seven-headed hydra barely misses you.
The seven-headed hydra completely misses you.
The seven-headed hydra bites you but does no damage.
The seven-headed hydra misses you. x2
You see here a blink frog corpse.
A nearby plant withers and dies.
The swamp worm fires a harpoon shot at you.
The harpoon shot hits you!!
You die...

... ##+.#.## #### ...
#......#### #...
....##
#.........###...
..+.##
#..^............ .
....#
##...>..###.##... ...
#..#
##.......P#####...
...†.#†.###.##.....)##
#...
.......Dw†.##.......##
P...
.+..#####.D.@........#
##..( ###.##...<..###
##.# ####..#+.#..# ##.
###..#.### ## #...♣# #
#♣♣♣♣ ♣ ♣


You could see a seven-headed hydra, a six-headed hydra and a swamp worm.

Vanquished Creatures
  Gastronok (Lair:2)
  Snorg (D:12)
  Josephine (D:11)
  Harold (D:10)
  10 hydras
  A boulder beetle (D:11)
  A centaur warrior (D:11)
  3 demonspawn (Orc:2)
  3 two-headed ogres
  3 death yaks (D:9)
  7 orc high priests
  Urug (D:10)
  Sonja (D:11)
  A sixfirhy (Orc:2)
  4 lindwurms
  An oklob plant (D:4)
  6 orc sorcerers
  6 orc knights
  A deep elf pyromancer (D:12)
  2 manticores (D:11)
  2 cyclopes (D:11)
  7 elephants
  6 black mambas
  3 molten gargoyles (Volcano)
  A gargoyle (D:12)
  3 unseen horrors
  10 cane toads
  2 rime drakes (Lair:4)
  14 komodo dragons
  4 efreet
  A tengu conjurer (D:11)
  4 kobold demonologists
  An ice devil (Orc:2)
  6 trolls
  A merfolk (shapeshifter) (D:11)
  A tarantella (shapeshifter) (D:11)
  2 hornets
  A slime creature (D:10)
  15 blink frogs
  A jumping spider (Lair:3)
  A ynoxinul (Orc:2)
  3 shadows
  A culicivora (Lair:3)
  3 wyverns
  3 fire elementals (Volcano)
  8 wraiths
  59 yaks
  2 redbacks (Lair:3)
  A basilisk (D:11)
  Eustachio (D:6)
  A neqoxec (Orc:2)
  2 vampire mosquitoes (D:12)
  2 chaos spawn
  5 wargs
  Grum (D:10)
  Edmund (D:5)
  An acid dragon (D:10)
  26 orc warriors
  11 water moccasins
  3 black bears
  A sky beast (D:6)
  2 necrophages (D:6)
  4 ogres
  15 wolves
  A centaur (D:6)
  3 phantoms (D:12)
  5 kobold brigands
  10 bullfrogs
  2 gnoll sergeants
  Blork the orc (D:5)
  3 earth elementals (Volcano)
  A wyvern skeleton (D:7)
  3 troll zombies (D:12)
  11 wights
  4 killer bees (D:10)
  2 howler monkeys
  A bullfrog zombie (D:7)
  5 centaur zombies
  A human zombie (Ossuary)
  2 hounds
  24 orc priests
  3 iron imps (D:9)
  3 iguanas
  28 orc wizards
  15 hell rats
  3 ogre zombies (D:12)
  6 hound zombies
  3 mummies (Ossuary)
  9 gnolls
  3 howler monkey skeletons
  6 adders
  A shadow imp (D:5)
  An ufetubus (D:5)
  An adder skeleton (D:4)
  3 adder zombies (Ossuary)
  A worm (D:2)
  7 dart slugs
  59 orcs
  3 endoplasms
  7 giant cockroaches
  4 gnoll zombies (Ossuary)
  6 goblins
  10 hobgoblins
  7 jackals
  2 quokkas
  3 ball pythons
  3 bats
  3 frilled lizards
  3 goblin skeletons (D:12)
  3 goblin zombies (Ossuary)
  5 hobgoblin zombies
  A jackal zombie (Ossuary)
  28 kobolds
  6 kobold zombies (Ossuary)
  3 orc skeletons (D:12)
  14 orc zombies
  2 quokka zombies (Ossuary)
  8 rats
  A rat zombie (Ossuary)
  4 fire vortices (Volcano)
654 creatures vanquished.

Vanquished Creatures (others)
  41 fungi
  62 plants
103 creatures vanquished.

Grand Total: 757 creatures vanquished

Notes
Turn   | Place    | Note
-------+----------+-------------------------------------------
     0 | D:1      | Gabide the Human Monk began the quest for the Orb.
     0 | D:1      | Reached XP level 1. HP: 18/18 MP: 1/1
    95 | D:1      | Reached XP level 2. HP: 24/24 MP: 2/2
   575 | D:1      | Reached XP level 3. HP: 20/29 MP: 3/3
   845 | D:1      | Reached skill level 1 in Armour
  1040 | D:1      | Reached skill level 4 in Polearms
  1185 | D:2      | Found a faded altar of an unknown god.
  1943 | D:2      | Reached XP level 4. HP: 35/35 MP: 4/4
  2402 | D:3      | Found a hazy altar of Hepliaklqana.
  2999 | D:3      | Reached XP level 5. HP: 39/41 MP: 5/5
  3152 | D:4      | Found a sand-covered staircase.
  3159 | Ossuary  | Entered an ossuary
  3621 | Ossuary  | Reached skill level 5 in Polearms
  3785 | Ossuary  | Reached XP level 6. HP: 40/47 MP: 6/6
  4076 | Ossuary  | Reached skill level 6 in Polearms
  4658 | D:4      | Identified the +8 spear "Gopurgh" {holy, rCorr Str+4
                  | Stlth+}
  4688 | D:4      | Noticed a black bear
  4701 | D:4      | Killed a black bear
  4702 | D:4      | Reached XP level 7. HP: 39/52 MP: 7/7
  4705 | D:4      | Reached skill level 7 in Polearms
  4792 | D:4      | Found a staircase to the Ecumenical Temple.
  4809 | Temple   | Entered the Ecumenical Temple
  4836 | Temple   | Became a worshipper of Sif Muna the Loreminder
  4836 | Temple   | Reached * piety under Sif Muna
  4836 | Temple   | Reached ** piety under Sif Muna
  5331 | D:4      | Found a blossoming altar of Fedhas.
  5360 | D:4      | Noticed an oklob plant
  5459 | D:4      | Killed an oklob plant
  5460 | D:4      | Reached skill level 8 in Polearms
  5460 | D:4      | Reached XP level 8. HP: 58/58 MP: 8/8
  5746 | D:5      | Entered Level 5 of the Dungeon
  6010 | D:5      | Found a radiant altar of Vehumet.
  6011 | D:5      | Noticed a hornet
  6018 | D:5      | Killed a hornet
  6019 | D:5      | Reached skill level 9 in Polearms
  6131 | D:5      | Noticed Edmund
  6155 | D:5      | Killed Edmund
  6580 | D:5      | Noticed Blork the orc
  6590 | D:5      | Killed Blork the orc
  6591 | D:5      | Reached skill level 10 in Polearms
  7016 | D:5      | Reached XP level 9. HP: 63/63 MP: 9/9
  7122 | D:6      | Reached skill level 11 in Polearms
  7861 | D:5      | Reached skill level 12 in Polearms
  7868 | D:5      | Reached *** piety under Sif Muna
  7869 | D:5      | Reached skill level 1 in Invocations
  8138 | D:6      | Noticed Eustachio
  8155 | D:6      | Killed Eustachio
  8326 | D:6      | Found a runed translucent door.
  8332 | D:6      | Noticed Name63's ghost (novice FeTm)
  8353 | D:6      | Reached XP level 10. HP: 71/71 MP: 11/11
  8497 | D:6      | Found an iron altar of Okawaru.
  9437 | D:7      | Found Ymogae Zulu's Mass Market.
  9549 | D:7      | Reached **** piety under Sif Muna
  9810 | D:7      | Identified a scroll of acquirement
  9810 | D:7      | Acquired the +2 hat of Tuesagyo {rPois Int+3}
 10715 | D:8      | Reached skill level 5 in Armour
 10727 | D:8      | Reached skill level 5 in Fighting
 10727 | D:8      | Reached skill level 5 in Dodging
 10937 | D:8      | Found a basalt altar of Yredelemnul.
 10937 | D:8      | Found a snail-covered altar of Cheibriados.
 10937 | D:8      | Found a glowing silver altar of Zin.
 11169 | D:9      | Identified the +3 ring mail "Ruyf" {Rampage rF+}
 11205 | D:9      | Noticed a death yak
 11241 | D:9      | Killed a death yak
 11242 | D:9      | Reached skill level 5 in Invocations
 11242 | D:9      | Reached XP level 11. HP: 64/80 MP: 14/14
 11344 | D:9      | Noticed a death yak
 11345 | D:9      | Noticed a death yak
 11356 | D:9      | Found a staircase to the Lair.
 11400 | D:9      | Killed a death yak
 11416 | D:9      | Killed a death yak
 12090 | D:9      | Found the ring of Shadows {Umbra +Inv Stlth+}
 12095 | D:9      | Identified the ring of Doors {rPois rF+++ rC- Will+ rCorr}
 12097 | D:9      | Identified the +1 long sword "Transmigrator" {flame, rF+
                  | Dex+3}
 12104 | D:9      | Got the Grimoire of the Compass and Air
 12106 | D:9      | Got the Tome of Weightlessness
 12207 | D:9      | Reached ***** piety under Sif Muna
 12207 | D:9      | Received a gift from Sif Muna
 12300 | D:9      | Found a burning altar of Makhleb.
 12373 | D:10     | Entered Level 10 of the Dungeon
 12431 | D:10     | Noticed Harold
 12454 | D:10     | Killed Harold
 12456 | D:10     | Noticed Grum
 12466 | D:10     | Killed Grum
 12687 | D:10     | Noticed Urug
 12711 | D:10     | Killed Urug
 13078 | D:10     | Reached skill level 13 in Polearms
 13106 | D:10     | Reached XP level 12. HP: 74/89 MP: 17/17
 13938 | D:11     | Noticed Josephine
 14081 | D:11     | Killed Josephine
 14167 | D:11     | Noticed a four-headed hydra
 14168 | D:11     | Noticed a centaur warrior
 14185 | D:11     | Received a gift from Sif Muna
 14186 | D:11     | Got Seurinwe's Papyrus of Unholy Secrets {god gift}
 14745 | D:11     | Noticed a two-headed ogre
 14759 | D:11     | Killed a two-headed ogre
 14807 | D:11     | Noticed a boulder beetle
 14864 | D:11     | Killed a boulder beetle
 15194 | D:11     | Noticed a two-headed ogre
 15203 | D:11     | Killed a two-headed ogre
 15257 | D:11     | Reached XP level 13. HP: 98/98 MP: 20/20
 15329 | D:11     | Found a runed translucent gate.
 15330 | D:11     | Found a runed translucent gate.
 15331 | D:11     | Found a runed translucent gate.
 15331 | D:11     | Noticed a ten-headed hydra
 15331 | D:11     | Noticed Tali's ghost (novice DsBe)
 15332 | D:11     | Noticed a 12-headed hydra
 15334 | D:11     | Noticed Sonja
 15342 | D:11     | Killed Sonja
 15522 | D:11     | Killed a four-headed hydra
 15523 | D:11     | Reached skill level 10 in Invocations
 15616 | D:11     | Killed a centaur warrior
 15893 | D:11     | Noticed an eight-headed hydra
 15893 | D:11     | Noticed a six-headed hydra
 15898 | D:11     | Identified the +7 mace of Quick Death {vorpal, Stlth+}
 15899 | D:11     | Killed a six-headed hydra
 15900 | D:11     | Killed an eight-headed hydra
 15941 | D:11     | Got the Handbook of the Snowflakes and Weightlessness
 16601 | D:12     | Noticed Snorg
 16627 | D:12     | Killed Snorg
 16628 | D:12     | Reached skill level 14 in Polearms
 16713 | D:12     | Found a staircase to the Orcish Mines.
 16781 | D:12     | Received a gift from Sif Muna
 16798 | D:12     | Got Jumy's Volume of Cold and Clay {god gift}
 17661 | D:12     | Reached skill level 15 in Polearms
 18147 | Orc:1    | Entered Level 1 of the Orcish Mines
 18467 | Orc:2    | Entered Level 2 of the Orcish Mines
 18470 | Orc:1    | Acquired a manual of Dodging
 20646 | Orc:2    | Found Iriof's General Store.
 21121 | Orc:2    | Found Bifoimotz's General Store.
 21137 | Orc:2    | Reached XP level 14. HP: 96/106 MP: 21/21
 21325 | Orc:2    | Reached skill level 16 in Polearms
 21345 | Orc:2    | Gained mutation: You occasionally shout uncontrollably at
                  | your foes. [a neqoxec]
 21400 | Orc:2    | Bought a wand of polymorph (3) for 70 gold pieces
 21402 | Orc:2    | Bought a throwing net for 42 gold pieces
 21402 | Orc:2    | Bought a scroll of identify for 28 gold pieces
 21402 | Orc:2    | Bought a wand of paralysis (5) for 98 gold pieces
 22021 | Orc:2    | Received a gift from Sif Muna
 22022 | Orc:2    | Got Qiemasho's Grimoire of Ghastly Transmutation {god gift}
 22474 | Orc:2    | Reached skill level 1 in Spellcasting
 22893 | Orc:2    | Found a staircase to the Elven Halls.
 23024 | Orc:2    | Gained mutation: You sometimes lose the ability to read
                  | scrolls when taking damage. [a neqoxec]
 23263 | Orc:1    | Lost mutation: You sometimes lose the ability to read
                  | scrolls when taking damage. [potion of mutation]
 23263 | Orc:1    | Lost mutation: You occasionally shout uncontrollably at
                  | your foes. [potion of mutation]
 23263 | Orc:1    | Gained mutation: You sometimes lose the ability to read
                  | scrolls when taking damage. [potion of mutation]
 23263 | Orc:1    | Gained mutation: You have sharp toenails. [potion of
                  | mutation]
 23263 | Orc:1    | Gained mutation: You have a pair of small horns on your
                  | head. [potion of mutation]
 23264 | Orc:1    | Lost mutation: You have a pair of small horns on your head.
                  | [potion of mutation]
 23264 | Orc:1    | Lost mutation: You have sharp toenails. [potion of
                  | mutation]
 23264 | Orc:1    | Gained mutation: Your body sometimes deteriorates upon
                  | taking damage. [potion of mutation]
 23264 | Orc:1    | Gained mutation: You have a somewhat thin skeletal
                  | structure. (Dex +2, Stealth+) [potion of mutation]
 23264 | Orc:1    | Gained mutation: You have large cloven feet. [potion of
                  | mutation]
 24368 | Orc:2    | Reached skill level 10 in Dodging
 24572 | Orc:2    | Found Ruzoraol's Antique Weapon Emporium.
 24572 | Orc:2    | Found Elasann's Jewellery Shoppe.
 24573 | Orc:2    | Found a one-way gate leading to the halls of Pandemonium.
 25062 | Lair:1   | Entered Level 1 of the Lair of Beasts
 25306 | Lair:1   | Found a dark tunnel.
 25317 | Volcano  | Entered a volcano
 26182 | Volcano  | Reached XP level 15. HP: 105/115 MP: 23/23
 26563 | Lair:1   | Reached skill level 10 in Fighting
 26563 | Lair:1   | Reached skill level 10 in Armour
 27135 | Lair:2   | Noticed Gastronok
 27150 | Lair:2   | Killed Gastronok
 27150 | Lair:2   | Received a gift from Sif Muna
 27151 | Lair:2   | Got Qiumpire's Incunabulum of Excruciating Evil Arts {god
                  | gift}
 27670 | Lair:2   | Identified the +1 robe of the Harvest Moon {+Inv Will++}
 29937 | Lair:3   | Reached XP level 16. HP: 123/123 MP: 23/25
 30600 | Lair:3   | Found a hole to the Spider Nest.
 30943 | Lair:3   | Received a gift from Sif Muna
 31990 | Lair:4   | Killed from afar by a swamp worm

Illustrated notes

Levels and vault maps discovered:
D:1:      dpeg_arrival_stone_temple_mockup, layout_loops_ring,
          minmay_pentomino_x2
D:2:      layout_basic, basic_ecumenical_altar, minmay_misc_feat_ornament,
          kennysheep_generic_room_3
D:3:      minmay_razor_zed, layout_loops_cross, mainiacjoe_overflow_alcove_2
D:4:      layout_basic, tgw_fedhas, minmay_temple_entry_statues,
          chequers_ossuary_entry_cave, kennysheep_generic_room_13
D:5:      layout_gridville, mainiacjoe_overflow_brackets,
          minmay_misc_feat_encased, uniq_blork_the_orc, uniq_edmund
D:6:      layout_rooms, mainiacjoe_overflow_paths, ebering_ghost_sewer_d,
          uniq_eustachio
D:7:      layout_cave_pods, minmay_shop_mass
D:8:      minmay_bloctagon_deflated, layout_rooms,
          gammafunk_temple_overflow_claw
D:9:      layout_rooms, demons_altar, dpeg_lair_monsters,
          lemuel_flamethrower_hall
D:10:     layout_loops_cross, uniq_urug, uniq_grum, uniq_harold
D:11:     minmay_the_grid_triangle_9x9_rhombus_thin
          [minmay_the_grid_triangle_9x9_semitri,
          minmay_the_grid_triangle_9x9_prize_center,
          minmay_the_grid_triangle_9x9_skeleton,
          minmay_the_grid_triangle_9x9_from_above], layout_basic,
          gammafunk_ghost_hydra_chop, uniq_josephine, uniq_sonja
D:12:     layout_roguey, zombieorc1_lemuel, uniq_snorg
Temple:   jpeg_temple_clearing
Lair:1:   layout_chaotic_city, nicolae_volcano_entry_vermiform,
          cheibrodos_lair_reptile_den, lemuel_fruit_tree, grunt_megastairs_3
Lair:2:   nzn_winding_woodlands_three_and_one
          [nzn_winding_woodlands_5x15_pockets,
          nzn_winding_woodlands_5x15_concentric,
          nzn_winding_woodlands_5x15_zeroes,
          nzn_winding_woodlands_center_lodge], layout_regular_city,
          lemuel_fruit_fields, uniq_gastronok
Lair:3:   layout_cave_pods, spider_nest_entry_funnel_web, grunt_megastairs_4
Lair:4:   layout_roguey, palyth_hydra_swamp_entry,
          chequers_serial_rivers_micro_a
Orc:1:    layout_caves
Orc:2:    pf_orc_diabolical, layout_caves

Skill      XL: |  1  2  3  4  5  6  7  8  9 10 11 12 13 14 15 16 |
---------------+-------------------------------------------------+-----
Armour         | 1 2 3 5 6 8 9 10 | 10.9
Polearms       | 4 5 6 8 10 12 13 15 16 | 16.7
Invocations    | 2 5 7 9 10 11 12 | 12.1
Fighting       | 5 6 8 9 10 | 10.9
Dodging        | 5 6 8 11 12 | 12.8
Spellcasting   | 2 6 |  6.9
Stealth        | |  2.0

Action                   |  1- 3 |  4- 6 |  7- 9 | 10-12 | 13-15 | 16-18 || total
-------------------------+-------+-------+-------+-------+-------+-------++-------
Melee: Spear             |   166 |    78 |   297 |   768 |   115 |    19 ||  1443
       Punch             |     2 |     5 |     6 |    18 |     3 |     1 ||    35
       Trident           |       |   236 |       |       |       |       ||   236
       Halberd           |       |       |       |       |  1423 |   240 ||  1663
Throw: Javelin           |       |     6 |    10 |     5 |       |       ||    21
       Boomerang         |       |       |       |     5 |    19 |       ||    24
       Dart              |       |       |       |    13 |    25 |       ||    38
       Throwing net      |       |       |       |     7 |     3 |       ||    10
 Cast: Chain Lightning   |       |       |       |       |       |     1 ||     1
Invok: Divine Exegesis   |       |       |       |       |       |     1 ||     1
Evoke: Wand              |       |       |    15 |    14 |     8 |       ||    37
       Phantom mirror    |       |       |       |     1 |       |       ||     1
       Lightning rod     |       |       |       |       |     4 |       ||     4
       Box of beasts     |       |       |       |       |     2 |       ||     2
  Use: Scroll            |       |     5 |     6 |    14 |    10 |       ||    35
       Potion            |       |       |     2 |     8 |     9 |     2 ||    21
 Stab: Sleeping          |     7 |     2 |     4 |     9 |     4 |     2 ||    28
       Distracted        |     1 |       |     1 |     3 |     2 |       ||     7
       Paralysed         |       |       |     7 |    18 |     8 |       ||    33
       Invisible         |       |       |       |     2 |       |       ||     2
       Held in net/web   |       |       |       |     4 |     1 |       ||     5
Armor: Robe              |     2 |       |       |       |       |       ||     2
       Ring mail         |    21 |   156 |    20 |    61 |       |       ||   258
       Leather armour    |     1 |       |       |       |       |       ||     1
       Scale mail        |       |       |       |    99 |   626 |   206 ||   931
Dodge: Dodged            |    52 |   204 |    35 |   179 |   973 |   341 ||  1784
